 Dungeon Crawl Stone Soup version 0.13.0-59-g13bd910 (webtiles) character file.

502 Chiseanne the Ducker (level 6, -5/42 HPs)
             Began as an Octopode Monk on Nov 18, 2013.
             Slain by an ogre
             ... wielding a +0,+0 giant club
              (24 damage)
             ... on Level 4 of the Dungeon.
             The game lasted 00:10:10 (3636 turns).

Chiseanne the Ducker (Octopode Monk)                Turns: 3636, Time: 00:10:11

HP  -5/42        AC  6     Str 12      XL: 6   Next: 72%
MP   8/8         EV 15     Int 16      God:
Gold 129         SH  0     Dex 14      Spells:  0 memorised,  9 levels left

Res.Fire  : . . .   See Invis. : .   p - +4,+0 orc mace (protect)
Res.Cold  : . . .   Warding    : .   (no shield)
Life Prot.: . . .   Conserve   : .   (helmet restricted)
Res.Poison: .       Res.Corr.  : .   (no amulet)
Res.Elec. : .       Clarity    : .   a - +3 ring of intelligence
Sust.Abil.: . .     Spirit.Shd : .   (no ring)
Res.Mut.  : .       Stasis     : .   (no ring)
Res.Rott. : .       Flight     : .   (no ring)
Saprovore : . . .                    (no ring)
                                     (no ring)
                                     (no ring)
                                     (no ring)

@: slightly resistant to hostile enchantments, quite stealthy
A: almost no armour, amphibious, 8 rings, constrict 8, camouflage 1, AC +1
a: no special abilities


You were on level 4 of the Dungeon.
You were not hungry.

You visited 1 branch of the dungeon, and saw 4 of its levels.

You collected 129 gold pieces.

Inventory:

Hand weapons
 o - a +2,+3 orcish dagger (quivered)
 p - a +4,+0 orcish mace of protection (weapon)
Magical devices
 e - a wand of slowing (0) {unknown}
 f - a wand of frost (11)
 k - a wand of enslavement (10)
Comestibles
 b - 3 bread rations
 m - a meat ration
 r - 5 rotting chunks of orc flesh
 s - a rotting chunk of giant cockroach flesh
Scrolls
 d - a scroll of fog
 i - 3 scrolls of remove curse
 j - a scroll of blinking
 l - a scroll of teleportation
 n - a scroll of identify
Jewellery
 a - a +3 ring of intelligence (left tentacle)


   Skills:
 * Level 4.7 Fighting
 * Level 5.6 Dodging
 - Level 2.6 Stealth
 - Level 4.0 Unarmed Combat
 * Level 2.1 Spellcasting


You had 9 spell levels left.
You didn't know any spells.

Dungeon Overview and Level Annotations

Branches:
Dungeon (4/27)
 Temple: D:4-7

Altars:
Kikubaaqudgha


Innate Abilities, Weirdness & Mutations

You cannot wear most types of armour.
You are amphibious.
You can wear up to eight rings at the same time.
You can use your tentacles to constrict many enemies at once.
Your skin changes colour to match your surroundings (Stlth).
Your rubbery body absorbs attacks (AC +1).


Message History

You hit the orc.
You kill the orc!
The ogre barely misses you.
The orc wizard gestures wildly while chanting.
The orc wizard flickers and vanishes!
Deactivating autopickup; reactivate with Ctrl-A.
You hit the ogre but do no damage. The ogre misses you.
You barely miss the ogre. The ogre barely misses you.
You hit the ogre but do no damage. The ogre closely misses you.
You hit the ogre. You squeeze the ogre.
The ogre is moderately wounded.
The ogre hits you with a giant club!
You hit the ogre. You squeeze the ogre!
The ogre is severely wounded.
The ogre hits you with a giant club.
You hit the ogre.
The ogre is severely wounded.
The ogre hits you with a giant club!
Ouch! That really hurt!
You die...

...######.###.#######
......................
##.######.##.....####
#%######.##.....#
#...............#
########.##.%...#
#.##.....#
#.##.....####...#
#.......@Oo.o...#
#############...#


You could see an ogre and 2 orcs.

Vanquished Creatures
  An ogre (D:4)
  3 worker ants (D:4)
  3 orc wizards
  Ijyb (D:2)
  Terence (D:2)
  3 adders
  11 orcs
  13 bats
  5 giant cockroaches
  4 goblins
  6 hobgoblins
  4 jackals (D:4)
  6 kobolds
  2 quokkas (D:4)
  2 giant geckos (D:4)
  6 giant newts
  12 rats
83 creatures vanquished.

Vanquished Creatures (others)
  A human (D:3)
1 creature vanquished.

Grand Total: 84 creatures vanquished

Notes
Turn   | Place    | Note
--------------------------------------------------------------
     0 | D:1      | Chiseanne, the Octopode Monk, began the quest for the Orb.
     0 | D:1      | Reached XP level 1. HP: 14/14 MP: 0/0
   264 | D:1      | Reached XP level 2. HP: 19/19 MP: 1/1
   751 | D:2      | Noticed Terence
   762 | D:2      | Killed Terence
   762 | D:2      | Reached XP level 3. HP: 1/25 MP: 2/2
  1342 | D:2      | Reached skill level 1 in Spellcasting
  1820 | D:2      | Noticed Ijyb
  1833 | D:2      | Killed Ijyb
  1833 | D:2      | Reached XP level 4. HP: 19/30 MP: 2/4
  2251 | D:3      | Found an ancient bone altar of Kikubaaqudgha.
  2255 | D:3      | Noticed a human zombie
  2416 | D:3      | Reached XP level 5. HP: 12/36 MP: 6/6
  2756 | D:4      | Noticed an ogre
  3033 | D:4      | Killed an ogre
  3033 | D:4      | Reached skill level 5 in Dodging
  3033 | D:4      | Reached XP level 6. HP: 16/42 MP: 8/8
  3624 | D:4      | Noticed an ogre
  3636 | D:4      | Slain by an ogre

Action                   |  1- 3 |  4- 6 || total
-------------------------+-------+-------++-------
Melee: Unarmed           |    61 |   112 ||   173
       Mace              |       |    32 ||    32
Evoke: Wand              |       |     7 ||     7
  Use: Scroll            |     4 |     9 ||    13
       Potion            |     3 |     4 ||     7
 Stab: Sleeping          |     4 |     8 ||    12
       Distracted        |     1 |       ||     1
